 Dungeon Crawl Stone Soup version 0.32-a0-699-g1ee5eff69a (webtiles) character file.

Game seed: 16587197362963344280

369 bobo the Slasher (level 6, 0/46 (49) HPs)
             Began as a Coglin Gladiator on Mar 14, 2024.
             Slain by a wight
             ... wielding a +2 short sword of protection
              (8 damage)
             ... on level 3 of the Dungeon.
             The game lasted 00:08:27 (3381 turns).

bobo the Slasher (Coglin Gladiator)                 Turns: 3381, Time: 00:08:27

HP:   0/46 (49)     AC:  4    Str: 14    XL:     6   Next: 70%
MP:   6/6           EV: 11    Int:  7    God:
Gold: 107           SH:  0    Dex: 18    Spells: 5/5 levels left

rFire   . . .        a - +0 long sword {Cedro}
rCold   . . .        f - +0 dagger {Yuxuan}
rNeg    . . .        b - +0 leather armour
rPois   .            c - +0 helmet
rElec   .            (no cloak)
rCorr   .            (no gloves)
SInv    .            (no boots)
Will    .....        (amulet unavailable)
Stlth   +            (ring unavailable)
HPRegen 0.27/turn    (ring unavailable)
MPRegen 0.10/turn    (no gizmo)

%: no passive effects
@: drained, revved
A: off-hand wielding, slow wielding, warmup strikes, no jewellery
a: Invent Gizmo


You were on level 3 of the Dungeon.
You visited 1 branch of the dungeon, and saw 4 of its levels.

You collected 107 gold pieces.

Inventory:

Hand Weapons
 a - a +0 long sword (weapon) {Cedro}
 f - a +0 dagger (offhand) {Yuxuan}
Missiles
 d - a throwing net (quivered)
Armour
 b - a +0 leather armour (worn)
 c - a +0 helmet (worn)
Scrolls
 e - a scroll of silence {unknown}
 h - 3 scrolls of immolation
 i - 3 scrolls of teleportation
 k - a scroll of amnesia {unknown}
 n - a scroll of revelation {unknown}
 o - a scroll of enchant weapon {unknown}
 p - a scroll of enchant armour {unknown}
 q - a scroll of butterflies {unknown}
Potions
 j - a potion of curing
 l - a potion of attraction
 m - a potion of brilliance


   Skills:
 + Level 4.3 Fighting
 + Level 3.1(4.2) Short Blades
 + Level 4.8(5.3) Long Blades
 - Level 1.7 Throwing
 - Level 2.6 Dodging


You had 5 spell levels left.
You didn't know any spells.
Your spell library contained the following spells:

 Spells                   Type           Power      Damage    Failure   Level
 Apportation              Tloc           0%         N/A       52%         1
 Jinxbite                 Hex            0%         N/A       65%         2
 Sigil of Binding         Hex            0%         N/A       87%         3
 Alistair's Intoxication  Alch           0%         N/A       100%        5
 Death Channel            Necr           0%         N/A       100%        6
 Sculpt Simulacrum        Ice/Alch       0%         N/A       100%        6


Dungeon Overview and Level Annotations

Branches:
Dungeon (4/15)
 Temple: D:4-7

Altars:

Annotations:
D:4 Duvessa


Innate Abilities, Weirdness & Mutations

You can wield a second weapon in your off-hand.
It takes a long time for you to wield or remove held weapons.
Your first few attacks do less damage.
You cannot equip rings or amulets.


Message History

There is an open door here.
You hit the wight but do no damage.
You slash the wight with your +0 long sword!
The wight misses you.
You barely miss the wight with your +0 long sword.
The wight is severely damaged.
You hit the wight but do no damage. The wight closely misses you.
You hit the wight with your +0 dagger.
The wight is almost destroyed.
You barely miss the wight with your +0 long sword.
You hit the wight but do no damage.
The wight is almost destroyed.
You barely miss the wight with your +0 long sword.
The wight barely misses you. The wight closely misses you.
You hit the wight but do no damage.
The wight is almost destroyed.
You completely miss the wight with your +0 long sword.
The wight barely misses you. The wight misses you.
The wight hits you with a +2 short sword of protection.
You feel drained.
You barely miss the wight with your +0 long sword.
The wight is almost destroyed.
You hit the wight but do no damage. The wight hits you with a +0 falchion.
You feel drained.
The wight hits you from afar with a +0 halberd!!
There is a stone staircase leading up here.
The wight hits you with a +2 short sword of protection.
You feel drained.
You climb upwards.
There is a stone staircase leading down here.
You hit the wight but do no damage.
The wight is almost destroyed.
You hit the wight but do no damage.
The wight hits you with a +2 short sword of protection!
* * * LOW HITPOINT WARNING * * *
You hit the wight but do no damage.
The wight is almost destroyed.
You barely miss the wight with your +0 long sword.
The wight hits you with a +2 short sword of protection!
You die...

################ ..............=#
##############.# # #.# #####
##### #.# ###...####
....##########'#### #........#
.<.........#......# #........#
...........#...z@># #........#
...........+......# #........#
...^.......#)#'######........#
#..........'..............######
#..........#.#........#...#....##
######'#.###.#.....##.#...#......
#.#..(..#...#.#..#.###....##
#.#######...#.#..#.# #....#
#.#######...#.####.###....#


You could see a wight.

Vanquished Creatures
  2 scorpions
  2 wights (D:4)
  A hound (D:3)
  3 adders
  A dart slug (D:2)
  3 ribbon worms (D:2)
  5 orcs
  5 endoplasms
  6 giant cockroaches
  5 goblins
  10 hobgoblins
  5 jackals
  2 quokkas
  9 ball pythons
  4 bats
  8 frilled lizards
  3 kobolds
  5 rats (D:3)
79 creatures vanquished.

Notes
Turn   | Place    | Note
-------+----------+-------------------------------------------
     0 | D:1      | bobo the Coglin Gladiator began the quest for the Orb.
     0 | D:1      | Reached XP level 1. HP: 16/16 MP: 1/1
   159 | D:1      | Reached XP level 2. HP: 22/22 MP: 2/2
   768 | D:2      | Reached skill level 1 in Short Blades
   867 | D:2      | Reached XP level 3. HP: 27/28 MP: 3/3
  1319 | D:2      | Found a faded altar of an unknown god.
  1640 | D:2      | Reached XP level 4. HP: 35/35 MP: 4/4
  1797 | D:3      | Noticed a scorpion
  2799 | D:3      | Killed a scorpion
  2800 | D:3      | Reached XP level 5. HP: 34/41 MP: 5/5
  2912 | D:4      | Noticed Duvessa
  3234 | D:4      | Reached XP level 6. HP: 48/48 MP: 6/6
  3381 | D:3      | Slain by a wight

Illustrated notes

Levels and vault maps discovered:
D:1:      mrwooster_arrival_statue_2, layout_basic, hangedman_decor_peaks_small
D:2:      minmay_skewed_foursquare, layout_basic,
          hellmonk_ecumenical_altar_inner_sanctum
D:3:      minmay_recursive_quarters, layout_basic, minmay_misc_feat_cross
D:4:      layout_basic, minmay_temple_entry_glassed_door, uniq_duvessa

Skill      XL: |  1  2  3  4  5  6 |
---------------+-------------------+-----
Short Blades   | 1 2 3 |  3.1
Fighting       | 3 4 |  4.3
Long Blades    | 4 |  4.8
Throwing       | |  1.7
Dodging        | |  2.6

Action                     |  1- 3 |  4- 6 || total
---------------------------+-------+-------++-------
  Melee: Long sword        |    85 |    99 ||   184
         Dagger            |    81 |    85 ||   166
  Throw: Throwing net      |       |     3 ||     3
         Javelin           |       |     3 ||     3
    Use: Scroll            |       |     5 ||     5
   Stab: Sleeping          |     2 |     2 ||     4
         Distracted        |     1 |       ||     1
         Held in net/web   |       |     2 ||     2
 Armour: Leather armour    |    50 |    57 ||   107
  Dodge: Dodged            |    53 |    83 ||   136

Table legend: (Time is in decaauts)
 A = Elapsed time spent in this place.
 B = Non-inter-level travel time spent in this place.
 C = Inter-level travel time spent in this place.
 D = Time resting spent in this place.
 E = Time spent auto-exploring this place.
 F = Levels seen in this place.
 G = Mean time per level.
                   A        B        C        D        E       F      G
               +--------+--------+--------+--------+--------+-----+--------+
         Total |   3389 |   3195 |    194 |    118 |   2433 |   4 |  847.2 |
       Dungeon |   3389 |   3195 |    194 |    118 |   2433 |   4 |  847.2 |
               +--------+--------+--------+--------+--------+-----+--------+

Top non-repeatable levels by time:
     D:3: 1382 daAuts
     D:2: 1014 daAuts
     D:1: 701 daAuts
     D:4: 290 daAuts
